 Dungeon Crawl Stone Soup version 0.28.0 (webtiles) character file.

Game seed: 16140061634470855862

243 Krehm the Digger (level 6, -2/37 HPs)
             Began as a Gargoyle Earth Elementalist on Feb 15, 2022.
             Was a Follower of Vehumet.
             Killed by divine providence
             ... invoked by an orc priest
              (10 damage)
             ... on level 3 of the Dungeon.
             The game lasted 00:16:56 (4214 turns).

Krehm the Digger (Gargoyle Earth Elementalist)      Turns: 4214, Time: 00:16:58

Health: -2/37      AC:  7    Str: 12    XL:     6   Next: 9%
Magic:  1/10       EV: 11    Int: 17    God:    Vehumet [*.....]
Gold:   56         SH:  0    Dex: 10    Spells: 6/11 levels left

rFire   . . .      SeeInvis .   r - +0 dagger (venom)
rCold   . . .      Faith    .   (no shield)
rNeg    + . .      Spirit   .   b - +0 robe
rPois   ∞          Reflect  .   (no helmet)
rElec   +          Harm     .   (no cloak)
rCorr   .          Rampage  .   s - +0 pair of gloves
Will    .....                   (no boots)
Stlth   ++........              (no amulet)
HPRegen 0.12/turn               (no ring)
MPRegen 0.12/turn               (no ring)

@: no status effects
A: sickness immunity, AC +4, negative energy resistance 1, electricity
resistance, torment resistance 1, petrification resistance
a: Renounce Religion


You were on level 3 of the Dungeon.
You worshipped Vehumet.
Vehumet was aware of your devotion.
You visited 1 branch of the dungeon, and saw 4 of its levels.

You collected 98 gold pieces.
You spent 42 gold pieces at shops.

Inventory:

Hand Weapons
 a - a +1 short sword of electrocution
 r - a +0 dagger of venom (weapon)
Missiles
 c - 58 stones
 i - 5 boomerangs
 o - 4 poisoned darts (quivered)
Armour
 b - a +0 robe (worn)
 g - a +0 buckler
 s - a +0 pair of gloves (worn)
Jewellery
 q - a ring of ice
Wands
 k - a wand of iceblast (5)
Scrolls
 d - a scroll of vulnerability
 h - 2 scrolls of fog
 j - a scroll of silence
 p - 2 scrolls of enchant weapon {unknown}
 t - a scroll of teleportation {unknown}
Potions
 f - a potion of curing
 l - a potion of brilliance {unknown}
 m - a potion of resistance {unknown}
 n - a potion of degeneration {unknown}


   Skills:
 - Level 3.0 Fighting
 - Level 1.5 Dodging
 - Level 2.1 Stealth
 + Level 1.8 Shields
 + Level 3.1 Spellcasting
 + Level 2.6 Conjurations
 - Level 0.7 Transmutations
 + Level 4.8 Earth Magic


You had 6 spell levels left.
You knew the following spells:

 Your Spells              Type           Power      Damage    Failure   Level
a - Sandblast             Erth           38%        2d10      2%          1
b - Stone Arrow           Conj/Erth      30%        3d8       11%         3
c - Foxfire               Conj/Fire      28%        2x1d5     10%         1

Your spell library contained the following spells:

 Spells                   Type           Power      Damage    Failure   Level
 Passwall                 Tmut/Erth      10%        N/A       9%          2
 Gell's Gravitas          Tloc           2%         N/A       45%         3
 Lesser Beckoning         Tloc           2%         N/A       45%         3
 Teleport Other           Tloc           2%         N/A       45%         3
 Petrify                  Tmut/Erth      12%        N/A       50%         4
 Dispersal                Tloc           1%         N/A       100%        6


Dungeon Overview and Level Annotations

Branches:
Dungeon (4/15)
 Temple: D:4-7

Altars:
Vehumet

Shops:
D:2 !


Innate Abilities, Weirdness & Mutations

You are immune to sickness and miasma.
Your stone body is resilient. (AC +4)
You are immune to poison.
You resist negative energy. (rN+)
You are resistant to electric shocks. (rElec)
You are resistant to unholy torment.
You are immune to petrification.


Message History

The orc priest mumbles some strange prayers to Beogh against you.
Beogh smites you!
* * * LOW HITPOINT WARNING * * *
You feel better. The necrophage closely misses you.
The orc priest barely misses you.
Casting: Foxfire (safe; 12% risk of failure)
Confirm with . or Enter, or press ? or * to list all spells.
You conjure some foxfire!
The necrophage barely misses you. The orc priest barely misses you.
The foxfire hits the orc priest but does no damage.
The orc priest is lightly wounded.
The foxfire hits the necrophage.
You destroy the necrophage!
Vehumet accepts your kill. The orc priest hits you with a +0 whip.
* * * LOW HITPOINT WARNING * * *
Your Spellcasting skill increases to level 3!
You have reached level 6!
Casting: Foxfire (safe; 10% risk of failure)
Confirm with . or Enter, or press ? or * to list all spells.
You conjure some foxfire!
The orc priest closely misses you.
The foxfire hits the orc priest.
The orc priest is lightly wounded.
The foxfire hits the orc priest.
The orc priest is moderately wounded.
The orc priest hits you with a +0 whip.
* * * LOW HITPOINT WARNING * * *
Casting: Foxfire (safe; 10% risk of failure)
Confirm with . or Enter, or press ? or * to list all spells.
You don't have enough magic to cast this spell.
Casting: Foxfire (safe; 10% risk of failure)
Confirm with . or Enter, or press ? or * to list all spells.
You conjure some foxfire!
The orc priest barely misses you.
The foxfire hits the orc priest.
The orc priest is moderately wounded.
The foxfire hits the orc priest.
The orc priest is moderately wounded.
The orc priest calls down the wrath of Beogh upon you.
Beogh smites you!
You die...

###.## ################ #....#
##########..............# #.#...
#...................)##.###.####
#.........................#....<
#.................###+###.......
#.................# #.# #.#####.
#.............§...###.###.# #.
#..............@..'.._###.# #.
#..............o..###.###.## #.
#...........†.>...# #.# #..# #.
##.................###'###..# #.
.'..........................# #.
.#........................#.# #.
.#.........###########....#.# #.
.#.........###########....#.## #.
.####...##...........#....#..###.


You could see an orc priest.

Vanquished Creatures
  A necrophage (D:3)
  A hound (D:3)
  3 adders
  A worm (D:3)
  2 dart slugs (D:2)
  8 orcs (D:3)
  4 bats
  5 endoplasms
  11 goblins
  4 hobgoblins
  8 jackals
  4 quokkas
  4 ball pythons
  4 frilled lizards
  6 kobolds
  11 rats
77 creatures vanquished.

Vanquished Creatures (others)
  26 foxfires
26 creatures vanquished.

Grand Total: 103 creatures vanquished

Notes
Turn   | Place    | Note
-------+----------+-------------------------------------------
     0 | D:1      | Krehm the Gargoyle Earth Elementalist began the quest for
                  | the Orb.
     0 | D:1      | Reached XP level 1. HP: 10/10 MP: 3/3
   291 | D:1      | Reached skill level 1 in Fighting
   465 | D:1      | Reached XP level 2. HP: 17/17 MP: 5/5
  1172 | D:1      | Reached XP level 3. HP: 11/22 MP: 2/6
  1676 | D:1      | Learned a level 3 spell: Stone Arrow
  2019 | D:2      | Found Vabboss's Distillery.
  2390 | D:2      | Reached skill level 1 in Conjurations
  2390 | D:2      | Reached skill level 4 in Earth Magic
  2390 | D:2      | Reached XP level 4. HP: 28/28 MP: 5/7
  2796 | D:2      | Bought a potion of curing for 42 gold pieces
  2974 | D:3      | Found a radiant altar of Vehumet.
  2979 | D:3      | Became a worshipper of Vehumet
  3839 | D:3      | Reached * piety under Vehumet
  3839 | D:3      | Offered knowledge of Foxfire by Vehumet.
  3844 | D:3      | Learned a level 1 spell: Foxfire
  3956 | D:4      | Noticed a necrophage
  3995 | D:3      | Reached XP level 5. HP: 19/32 MP: 1/8
  3999 | D:3      | Reached skill level 1 in Shields
  4210 | D:3      | Killed a necrophage
  4211 | D:3      | Reached XP level 6. HP: 10/37 MP: 3/10
  4214 | D:3      | Killed from afar by an orc priest

Illustrated notes

Levels and vault maps discovered:
D:1:      dpeg_arrival_fog, layout_rooms, serial_curves, eino_curves_04,
          eino_curves_03, st_stairs_4, minmay_box_of_dots
D:2:      layout_loops_ring, serial_shops, shop_fountains
D:3:      minmay_chambers_of_threes, layout_basic, lemuel_doored_altar,
          amcnicky_mini_pool_small
D:4:      minmay_spotlight, layout_basic, minmay_temple_entry_fiery, uniq_ijyb,
          uniq_natasha, uniq_edmund, uniq_crazy_yiuf_cottage

Skill      XL: |  1  2  3  4  5 |
---------------+----------------+-----
Fighting       | 1 2 3 |  3.0
Conjurations   | 1 2 |  2.6
Earth Magic    | 4 |  4.8
Shields        | 1 |  1.8
Spellcasting   | 3 |  3.1
Dodging        | |  1.5
Stealth        | |  2.1
Transmutations | |  0.7

Action                   |  1- 3 |  4- 6 || total
-------------------------+-------+-------++-------
Melee: Whip              |    32 |       ||    32
       Punch             |     2 |       ||     2
       Dagger            |   125 |    34 ||   159
       Short sword       |       |    84 ||    84
 Cast: Sandblast         |    18 |    18 ||    36
       Foxfire           |       |    13 ||    13
  Use: Scroll            |       |     4 ||     4
       Potion            |       |     2 ||     2
 Stab: Sleeping          |     3 |     3 ||     6
Armor: Robe              |    56 |    64 ||   120
Dodge: Dodged            |    94 |    78 ||   172
